 Dungeon Crawl Stone Soup version 0.28-a0-381-g937acc2988 (webtiles) character file.

Game seed: 7326092319635434399

24589 mistaj the Fighter (level 13, -7/85 HPs)
             Began as a Gargoyle Fighter on Sept 2, 2021.
             Was the Champion of Okawaru.
             Mangled by Donald (23 damage)
             ... on level 1 of the Orcish Mines.
             The game lasted 00:36:42 (18310 turns).

mistaj the Fighter (Gargoyle Fighter)              Turns: 18310, Time: 00:36:43

Health: -7/85      AC: 42    Str: 26    XL:     13   Next: 14%
Magic:  13/13      EV:  7    Int: 16    God:    Okawaru [******]
Gold:   1158       SH:  5    Dex: 10    Spells: 12/12 levels left

rFire   + . .      SeeInvis .   w - +4 falchion of Eternal Vigilance {flame, Int+5}
rCold   . . .      Faith    .   c - +0 buckler
rNeg    + + .      Spirit   .   J - +8 plate armour "Emuac" {-Cast +Inv rElec Str+4}
rPois   ∞          Reflect  .   G - +0 helmet
rElec   +          Harm     .   f - scarf {repulsion}
rCorr   .          Rampage  .   l - +0 pair of gloves
Will    +....      NoCast   +   b - +2 pair of boots
Stlth   ..........              (no amulet)
HPRegen 0.24/turn               t - +4 ring of protection
MPRegen 0.13/turn               K - ring of the Philosopher {Fly rF+ rN+ Will+ Slay+4}

@: flying, repel missiles
A: sickness immunity, AC +9, negative energy resistance 1, electricity
resistance, torment resistance 1, petrification resistance
a: Renounce Religion, Evoke Invisibility, Heroism, Finesse, Duel


You were on level 1 of the Orcish Mines.
You worshipped Okawaru.
Okawaru was exalted by your worship.
You visited 4 branches of the dungeon, and saw 14 of its levels.

You collected 1158 gold pieces.

Inventory:

Hand Weapons
 w - the +4 falchion of Eternal Vigilance (weapon) {flame, Int+5}
   (You found it on level 7 of the Dungeon)

   It burns those it strikes, dealing additional fire damage.
   Big, fiery blades are also staple armaments of hydra-hunters.
   Int:       It affects your intelligence (+5).
 N - a +2 battleaxe of freezing
Missiles
 m - 3 javelins (quivered)
 q - 2 throwing nets
 F - 7 datura-tipped darts
Armour
 b - a +2 pair of boots (worn)
 c - a +0 buckler (worn)
 f - a scarf of repulsion (worn)
 i - +0 acid dragon scales
 l - a +0 pair of gloves (worn)
 r - a +1 plate armour of fire resistance
 G - a +0 helmet (worn)
 J - the +8 plate armour "Emuac" (worn) {-Cast +Inv rElec Str+4}
   (Okawaru gifted it to you on level 8 of the Dungeon)

   Str:       It affects your strength (+4).
   rElec:     It insulates you from electricity.
   +Inv:      It lets you turn invisible.
   -Cast:     It prevents spellcasting.
Jewellery
 g - a ring of protection from fire
 t - a +4 ring of protection (left hand)
 v - a ring of ice
 C - a ring of positive energy
 K - the ring of the Philosopher (right hand) {Fly rF+ rN+ Will+ Slay+4}
   (You found it on level 1 of the Lair of Beasts)

   [ring of slaying]

   Slay:      It affects your accuracy & damage with ranged weapons and melee
   (+4).
   rF:        It protects you from fire.
   rN:        It protects you from negative energy.
   Fly:       It grants you flight.
   Will:      It increases your willpower.
 M - a ring of ice
Wands
 o - a wand of digging (7)
 u - a wand of flame (21)
 z - a wand of iceblast (4)
 I - a wand of acid (9)
 O - a wand of polymorph (11)
Scrolls
 a - 2 scrolls of holy word
 j - a scroll of enchant weapon
 p - 6 scrolls of teleportation
 y - a scroll of blinking
 L - 2 scrolls of silence
 P - a scroll of identify
Potions
 d - 3 potions of might
 e - 2 potions of lignification
 h - a potion of berserk rage
 k - a potion of attraction {unknown}
 n - 3 potions of flight
 s - 2 potions of ambrosia {unknown}
 x - 5 potions of curing {unknown}
 A - 3 potions of brilliance
 B - 2 potions of haste {unknown}
 H - a potion of magic {unknown}


   Skills:
 - Level 11.8 Fighting
 - Level 7.2(10.0) Short Blades
 + Level 10.9(11.7) Long Blades
 - Level 7.6(7.7) Axes
 - Level 2.0(5.6) Maces & Flails
 - Level 10.3 Armour
 + Level 5.9 Shields


You had 12 spell levels left.
You didn't know any spells.
Your spell library contained the following spells:

 Spells                   Type           Power      Damage    Failure   Level
 Magic Dart               Conj           0%         1d3       93%         1
 Sandblast                Erth           0%         2d4       93%         1
 Blink                    Tloc           N/A        N/A       98%         2
 Passwall                 Tmut/Erth      0%         N/A       98%         2
 Searing Ray              Conj           0%         3d3       98%         2
 Mephitic Cloud           Conj/Pois/Air  0%         N/A       100%        3
 Fulminant Prism          Conj/Hex       0%         3d6       100%        4
 Fireball                 Conj/Fire      0%         3d3       100%        5
 Iskenderun's Battlesphe  Conj           0%         2d6       100%        5
 Lee's Rapid Deconstruct  Erth           0%         3d5*      100%        5
 Manifold Assault         Tloc           0%         N/A       100%        5
 Conjure Ball Lightning   Conj/Air       0%         3x3d6     100%        6
 Starburst                Conj/Fire      0%         6d3       100%        6
 Orb of Destruction       Conj           0%         N/A       100%        7
 Storm Form               Tmut/Air       0%         N/A       100%        7
 Ignition                 Fire           0%         3d3       100%        8
 Call Imp                 Summ           Unusable   N/A       N/A         2

Dungeon Overview and Level Annotations

Branches:
Dungeon (10/15)            Temple (1/1) D:6            Lair (1/6) D:8
    Orc (2/2) D:10
    Elf: Orc:2

Altars:
Ashenzari
Cheibriados
Dithmenos
Elyvilon
Fedhas
Gozag
Hepliaklqana
Makhleb
Nemelex Xobeh
Okawaru
Ru
Sif Muna
Trog
Vehumet
Wu Jian
Xom
Yredelemnul
The Shining One

Shops:
D:6 [   D:8 [   D:10 *   Orc:1 (

Annotations:
Orc:1 1 runed translucent door, Cionis's ghost, journeyman DEAE; Donald


Innate Abilities, Weirdness & Mutations

You are immune to sickness and miasma.
Your stone body is resilient. (AC +9)
You are immune to poison.
You resist negative energy. (rN+)
You are resistant to electric shocks. (rElec)
You are resistant to unholy torment.
You are immune to petrification.


Message History

You now have 1158 gold pieces (gained 28).
Donald the Adventurer comes into view.
He is wielding a +1 double sword of electrocution, wearing a +4 chain mail of willpower and wearing a +0 kite shield of reflection.
Found 24 gold pieces.
Donald shouts!
Donald gestures wildly while chanting.
Donald seems to speed up.
Donald says, "I wonder if there's an end to this place."
Donald says, "I asked for directions to the rune, but they belched at me."
Donald says, "I hate you, too."
Donald says, "I've got a headache.
I hate that."
Donald mumbles some strange words.
Donald seems to grow stronger.
Donald hits you with a +1 double sword of electrocution!!
Donald hits you with a +1 double sword of electrocution.
Things that are here:
a +0 short sword; a +0 leather armour; an orc corpse
Items here: )) [[ †.
Donald barely misses you.
Donald hits you with a +1 double sword of electrocution!
Items here: )) [ †.
Donald hits you with a +1 double sword of electrocution!
There is a stone staircase leading up here.
Items here: )) [[ †.
Donald is no longer moving quickly.
Donald hits you but does no damage.
Donald says, "I don't get what's so special about the number twenty-seven."
Donald mumbles some strange words.
Donald seems to speed up.
Items here: )) [ †.
There is a stone staircase leading up here.
Donald hits you with a +1 double sword of electrocution!!
* * * LOW HITPOINT WARNING * * *
You fly upwards.
Level annotation: 1 runed translucent door, Cionis's ghost, journeyman DEAE
There is a stone staircase leading down here.
Donald says, "Orcs smell really bad.
Yuck."
Donald hits you but does no damage. Donald barely misses you.
You see here a +0 cloak.
Donald hits you with a +1 double sword of electrocution!!
You die...

###....................##
.###....................#
###............#)......##
##............))<.......#
.##.#....)....[.).......#
...[..#........[........#
......[[.....[[>.#.[[...#
#...#.[...........[..>..#
................@@....÷##
######..........[.......#
.....#.................##
..((.∩..##..........#.##
.....#...##............#
######..#####..........##
#.....######.##........#
########.##...##.#....##
#......######...#


You could see Donald (fast, strong).

Vanquished Creatures
  Gastronok (Orc:1)
  A hydra (Lair:1)
  4 two-headed ogres
  7 death yaks
  Pikel (D:6)
  2 orc knights
  A cane toad (Lair:1)
  Maggie (D:6)
  An unseen horror (D:10)
  Psyche (D:8)
  2 komodo dragons (Lair:1)
  A hornet (D:9)
  A troll (D:10)
  3 shadows
  Sigmund (D:2)
  25 yaks
  4 fire bats (D:10)
  4 steam dragons
  2 wargs (Orc:1)
  A hell hound (D:10)
  An acid dragon (D:9)
  Duvessa (D:6)
  5 water moccasins
  2 black bears (D:4)
  16 orc warriors
  A hornet zombie (D:8)
  A sky beast (D:7)
  6 ogres
  A necrophage (D:5)
  2 centaurs
  2 kobold brigands
  12 bullfrogs
  A gnoll sergeant (Orc:1)
  A water moccasin zombie (D:5)
  Dowan (D:6)
  2 howler monkeys (D:10)
  10 wights
  2 centaur zombies
  8 orc priests
  Crazy Yiuf (D:5)
  A hound (D:7)
  A bullfrog skeleton (D:7)
  Terence (D:2)
  23 orc wizards
  An iguana (D:6)
  2 killer bee zombies
  A hound skeleton (D:4)
  A howler monkey zombie (D:10)
  A howler monkey skeleton (D:5)
  7 gnolls
  3 adders
  3 worms
  4 dart slugs
  46 orcs
  6 endoplasms
  4 giant cockroaches
  9 goblins
  5 hobgoblins
  6 jackals (D:1)
  23 kobolds
  3 quokkas
  3 training dummies (Orc:1)
  6 ball pythons
  7 bats
  3 frilled lizards
  2 rats (D:1)
  A spectral hobgoblin (D:2)
313 creatures vanquished.

Vanquished Creatures (others)
  2 fire vortices (D:10)
  3 plants (Lair:1)
5 creatures vanquished.

Grand Total: 318 creatures vanquished

Notes
Turn   | Place    | Note
-------+----------+-------------------------------------------
     0 | D:1      | mistaj the Gargoyle Fighter began the quest for the Orb.
     0 | D:1      | Reached XP level 1. HP: 14/14 MP: 1/1
   190 | D:1      | Reached skill level 1 in Axes
   191 | D:1      | Reached XP level 2. HP: 11/19 MP: 2/2
   802 | D:1      | Reached XP level 3. HP: 12/24 MP: 3/3
  1269 | D:2      | Noticed Terence
  1280 | D:2      | Killed Terence
  1281 | D:2      | Reached skill level 4 in Fighting
  1281 | D:2      | Reached XP level 4. HP: 26/29 MP: 4/4
  1346 | D:2      | Found a faded altar of an unknown god.
  1389 | D:2      | Noticed Sigmund
  1400 | D:2      | HP: 1/29 [something (8)]
  1926 | D:2      | Killed Sigmund
  1927 | D:2      | Reached XP level 5. HP: 31/34 MP: 5/5
  2142 | D:2      | Reached XP level 6. HP: 34/40 MP: 6/6
  2684 | D:3      | Reached skill level 5 in Fighting
  2733 | D:3      | Found a radiant altar of Vehumet.
  2891 | D:3      | Found an iron altar of Okawaru.
  2911 | D:3      | Became a worshipper of Warmaster Okawaru
  3299 | D:3      | Found a shimmering blue altar of Sif Muna.
  3375 | D:3      | Found an ornate altar of the Wu Jian Council.
  3445 | D:3      | Found a burning altar of Makhleb.
  3641 | D:4      | Found a shimmering altar of Xom.
  3654 | D:4      | Found a shimmering altar of Xom.
  3656 | D:4      | Found a shimmering altar of Xom.
  3966 | D:4      | Noticed a black bear
  3978 | D:4      | Killed a black bear
  3979 | D:4      | Reached XP level 7. HP: 39/44 MP: 7/7
  4471 | D:5      | Entered Level 5 of the Dungeon
  4497 | D:5      | Noticed a yak
  4497 | D:5      | Noticed a yak
  4508 | D:5      | Killed a yak
  4509 | D:5      | Reached skill level 6 in Fighting
  4602 | D:5      | Noticed a yak
  4623 | D:5      | Killed a yak
  4623 | D:5      | Reached * piety under Okawaru
  4624 | D:5      | Reached XP level 8. HP: 26/52 MP: 8/8
  4631 | D:5      | Killed a yak
  4632 | D:5      | Reached skill level 5 in Axes
  5139 | D:5      | Found a bloodstained altar of Trog.
  5149 | D:5      | Reached skill level 7 in Fighting
  5462 | D:5      | Found a runed translucent door.
  5463 | D:5      | Noticed Crazy Yiuf
  5536 | D:5      | Killed Crazy Yiuf
  5633 | D:6      | Noticed Duvessa
  5633 | D:6      | Noticed Dowan
  5751 | D:5      | Reached ** piety under Okawaru
  5818 | D:6      | Killed Duvessa
  5819 | D:6      | Reached skill level 5 in Short Blades
  5965 | D:6      | Killed Dowan
  6140 | D:6      | Found Gaho's Antique Armour Emporium.
  6143 | D:6      | Found a basalt altar of Yredelemnul.
  6166 | D:6      | Found a broken altar of Ashenzari.
  6166 | D:6      | Noticed Pikel
  6180 | D:6      | Found a staircase to the Ecumenical Temple.
  6189 | Temple   | Entered the Ecumenical Temple
  6289 | D:6      | Killed Pikel
  6289 | D:6      | Reached *** piety under Okawaru
  6290 | D:6      | Reached skill level 8 in Fighting
  6290 | D:6      | Reached XP level 9. HP: 51/59 MP: 9/9
  6411 | D:6      | Found a white marble altar of Elyvilon.
  6709 | D:6      | Noticed Maggie
  6733 | D:6      | Killed Maggie
  7419 | D:7      | Received a gift from Okawaru
  7427 | D:7      | Reached skill level 9 in Fighting
  7557 | D:7      | Found a sacrificial altar of Ru.
  7698 | D:7      | Reached **** piety under Okawaru
  7699 | D:7      | Reached XP level 10. HP: 60/66 MP: 10/10
  8042 | D:7      | Identified the +4 falchion of Eternal Vigilance {flame,
                  | Int+5}
  8362 | D:8      | Reached skill level 1 in Long Blades
  8560 | D:8      | Noticed a death yak
  8594 | D:8      | Killed a death yak
  8594 | D:8      | Received a gift from Okawaru
  8595 | D:8      | Reached skill level 10 in Fighting
  8953 | D:8      | Noticed a two-headed ogre
  8962 | D:8      | Killed a two-headed ogre
  9247 | D:8      | Noticed a two-headed ogre
  9253 | D:8      | Killed a two-headed ogre
  9253 | D:8      | Reached ***** piety under Okawaru
  9254 | D:8      | Reached skill level 11 in Fighting
  9340 | D:8      | Found Toyf's Armour Shop.
  9577 | D:8      | Noticed Psyche
  9605 | D:8      | Killed Psyche
  9795 | D:8      | Found a staircase to the Lair.
  9810 | D:8      | Reached skill level 5 in Long Blades
  9817 | D:8      | Noticed a death yak
  9817 | D:8      | Noticed a death yak
  9817 | D:8      | Noticed a death yak
  9817 | D:8      | Noticed a death yak
  9818 | D:8      | Noticed a death yak
  9818 | D:8      | Noticed a death yak
  9819 | D:8      | Noticed a death yak
 10642 | D:8      | Killed a death yak
 10642 | D:8      | Identified the +8 plate armour "Emuac" {-Cast +Inv rElec
                  | Str+4} (Okawaru gifted it to you on level 8 of the Dungeon)
 10642 | D:8      | Received a gift from Okawaru
 10643 | D:8      | Reached XP level 11. HP: 30/75 MP: 11/11
 10879 | D:8      | Killed a death yak
 11742 | D:7      | Killed a death yak
 11967 | D:7      | Killed a death yak
 12322 | Lair:1   | Entered Level 1 of the Lair of Beasts
 12327 | Lair:1   | Noticed a four-headed hydra
 12337 | Lair:1   | Killed a one-headed hydra
 12338 | Lair:1   | Reached skill level 5 in Armour
 13213 | Lair:1   | Identified the ring of the Philosopher {Fly rF+ rN+ Will+
                  | Slay+4}
 13465 | Lair:1   | Reached XP level 12. HP: 78/81 MP: 12/12
 14020 | D:8      | Killed a death yak
 14031 | D:8      | Killed a death yak
 14214 | D:9      | Noticed a two-headed ogre
 14228 | D:9      | Killed a two-headed ogre
 14315 | D:9      | Noticed a two-headed ogre
 14328 | D:9      | Killed a two-headed ogre
 14786 | D:9      | Found a shadowy altar of Dithmenos.
 14969 | D:10     | Entered Level 10 of the Dungeon
 15283 | D:10     | Reached ****** piety under Okawaru
 15388 | D:10     | Found an opulent altar of Gozag.
 15397 | D:10     | Found Fumeitei's General Store.
 15520 | D:10     | Found a staircase to the Orcish Mines.
 15863 | D:10     | Reached skill level 10 in Armour
 15866 | D:10     | Reached skill level 10 in Long Blades
 16118 | Orc:1    | Entered Level 1 of the Orcish Mines
 16424 | Orc:1    | Received a gift from Okawaru
 16525 | Orc:1    | Found Widupet's Firing Range.
 17481 | Orc:1    | Reached XP level 13. HP: 85/85 MP: 13/13
 17483 | Orc:1    | Noticed Gastronok
 17554 | Orc:1    | Killed Gastronok
 17555 | Orc:1    | Reached skill level 5 in Shields
 17683 | Orc:1    | Found a runed translucent door.
 17683 | Orc:1    | Found a shimmering altar of Xom.
 17684 | Orc:1    | Noticed Cionis's ghost (journeyman DEAE)
 17943 | Orc:2    | Entered Level 2 of the Orcish Mines
 18275 | Orc:2    | Noticed Donald
 18310 | Orc:1    | Mangled by Donald

Illustrated notes

Levels and vault maps discovered:
D:1:      dpeg_arrival_yet_another_circle, layout_basic, minivault_24
D:2:      layout_basic, dreamdust_ecumenical_altar_drowned_temple, uniq_terence,
          uniq_sigmund
D:3:      layout_basic, general_overflow_altar, grunt_temple_overflow_open,
          lemuel_doored_altar, mainiacjoe_overflow_catwalk, minmay_liquid_box
D:4:      layout_loops_corners, xom_redecorated, kennysheep_generic_room_2
D:5:      layout_loops_ring, old_standard_altar, uniq_crazy_yiuf_cottage
D:6:      layout_basic, elyvilon_altar_1, ashenzari_conservatory_becter,
          mainiacjoe_overflow_concentric_impassable,
          minmay_temple_entry_butterflies, nicolae_take_the_stairs,
          minmay_misc_feat_plants, uniq_duvessa, uniq_pikel, uniq_maggie
D:7:      layout_loops_ring, nicolae_overflow_hidden_temple
D:8:      layout_basic, dpeg_lair_monsters, serial_shops, nicolae_shop_crystal,
          kennysheep_generic_room_12, uniq_psyche
D:9:      layout_basic, grunt_dithmenos_shadows, hellmonk_bongcloud_opening,
          dk_vineyard_3
D:10:     layout_loops_cross, nicolae_gozag_cash_rules_everything_around_me,
          orc_0_dummy, serial_shops, nicolae_lakefront_shop,
          hangedman_incinerator
Temple:   compressed_dpeg_triangle_lava_temple
Lair:1:   layout_loops_ring, lemuel_fruit_tree
Orc:1:    layout_caves, ebering_ghost_xom, nicolae_shop_firing_range,
          uniq_gastronok
Orc:2:    st_orc_mages, layout_caves, serial_shops, shop, uniq_donald,
          uniq_josephine

Skill      XL: |  1  2  3  4  5  6  7  8  9 10 11 12 13 |
---------------+----------------------------------------+-----
Axes           | 1 2 3 4 6 7 |  7.6
Fighting       | 4 5 6 8 9 11 | 11.8
Short Blades   | 2 3 4 5 7 |  7.2
Long Blades    | 5 8 10 | 10.9
Armour         | 7 10 | 10.3
Shields        | 4 5 |  5.9
Maces & Flails | |  2.0

Action                   |  1- 3 |  4- 6 |  7- 9 | 10-12 | 13-15 || total
-------------------------+-------+-------+-------+-------+-------++-------
Melee: Broad axe         |    67 |       |       |       |       ||    67
       Short sword       |     7 |   233 |   324 |    35 |       ||   599
       Falchion          |       |       |       |   790 |    49 ||   839
Throw: Throwing net      |       |       |       |     2 |       ||     2
  Use: Scroll            |       |       |    12 |     4 |       ||    16
Armor: Scale mail        |    60 |       |       |       |       ||    60
       Chain mail        |       |   200 |   138 |       |       ||   338
       Plate armour      |       |       |    33 |   561 |    37 ||   631
       Swamp dragon scal |       |       |    12 |       |       ||    12
Dodge: Dodged            |    52 |    72 |    97 |   161 |    22 ||   404
       Repelled          |       |       |       |     1 |       ||     1
Block: Buckler           |    18 |    40 |    40 |   112 |    11 ||   221

Table legend: (Time is in decaauts)
 A = Elapsed time spent in this place.
 B = Non-inter-level travel time spent in this place.
 C = Inter-level travel time spent in this place.
 D = Time resting spent in this place.
 E = Time spent auto-exploring this place.
 F = Levels seen in this place.
 G = Mean time per level.
                   A        B        C        D        E       F      G
               +--------+--------+--------+--------+--------+-----+--------+
         Total |  18188 |  17604 |    584 |   6265 |   6872 |  14 | 1299.1 |
       Dungeon |  14968 |  14412 |    556 |   4975 |   5843 |  10 | 1496.8 |
        Temple |     33 |     33 |      0 |      0 |      0 |   1 |   33.0 |
          Lair |   1646 |   1624 |     22 |    640 |    764 |   1 | 1646.0 |
  Orcish Mines |   1539 |   1533 |      6 |    650 |    265 |   2 |  769.5 |
               +--------+--------+--------+--------+--------+-----+--------+

Top non-repeatable levels by time:
     D:8: 2939 daAuts
     D:7: 2052 daAuts
    D:10: 1738 daAuts
     D:1: 1682 daAuts
  Lair:1: 1646 daAuts
     D:5: 1556 daAuts
     D:6: 1396 daAuts
   Orc:1: 1392 daAuts
     D:2: 1021 daAuts
     D:4: 939 daAuts
     D:3: 868 daAuts
     D:9: 773 daAuts
   Orc:2: 147 daAuts
  Temple: 33 daAuts
